Map: Forgotten Sanctuary

Players

irvinz - Winner!

  • Race: Zerg Zerg
  • League: Gold
  • Spawn Location: 6:00

Nagle

  • Race: Zerg Zerg
  • League: Silver
  • Spawn Location: 9:00

bertman

  • Race: Terran Terran
  • Spawn Location: 12:00

BlueHawk

  • Race: Terran Terran
  • League: Bronze
  • Spawn Location: 9:00

fortes

  • Race: Zerg Zerg
  • Spawn Location: 12:00

DarkTemplar - Winner!

  • Race: Protoss Protoss
  • League: Silver
  • Spawn Location: 6:00

VOD

Have the link to the VOD?

Description

Time

  • Played on: Sept. 7, 2018, 6:33 p.m.
  • Length: 20:54
Show
View Real Time Build Order
Export as new Build Order

irvinz Zerg - Winner!

Build Orders: Hatch First 

Get SALT Encoding   

  12  0:01  Drone  
  13  0:09  Drone  
  14  0:36  Hatchery  
  14  0:39  Drone  
  14  0:45  Overlord  
  14  1:04  Spawning Pool  
  14  1:06  Drone  
  14  1:10  Drone  
  15  1:15  Drone  
  16  1:18  Extractor  
  16  1:20  Drone  
  16  1:29  Drone  
  17  1:51  Queen  
  17  1:52  Queen  
  17  1:53  Zergling x2  
  22  1:55  Zergling x2  
  22  1:59  Zergling x2  
  24  2:02  Drone  
  24  2:06  Drone  
  26  2:16  Drone x2  
  28  2:25  Overlord  
  28  2:39  Overlord  
  28  2:47  Drone  
  28  2:48  Drone x3  
  28  2:50  Metabolic Boost  
  33  2:58  Drone x2  
  33  3:04  Drone x3  
  37  3:08  Drone  
  37  3:12  Drone x2  
  40  3:23  Drone x3, Zergling x2  
  44  3:31  Overlord  
  44  3:45  Overlord x2  
  44  3:52  Drone x5  
  44  3:53  Drone  
  44  3:54  Baneling Nest  
  49  4:06  Drone x2  
  49  4:08  Drone  
  51  4:15  Extractor  
  50  4:23  Zergling x8  
  50  4:24  Zergling x4  
  56  4:31  Overlord  
  56  4:36  Extractor, Zergling x2  
  56  4:37  Extractor  
  55  4:40  Zergling x2  
  55  4:45  Zergling x6  
  58  4:49  Zergling x2  
  58  4:50  Zergling x8  
  58  4:51  Hatchery  
  63  4:59  Drone  
  64  5:01  Zergling x2  
  65  5:08  Zergling x2  
  65  5:12  Zergling x2  
  67  5:16  Baneling  
  67  5:17  Baneling x10  
  67  5:18  Baneling x5  
  67  5:19  Baneling x2  
  67  5:21  Zergling x2  
  68  5:22  Zergling x2  
  68  5:24  Zergling x4  
  68  5:25  Queen  
  68  5:26  Queen  
  57  5:57  Zergling x4  
  57  5:58  Zergling x16  
  66  6:08  Zergling x2  
  66  6:09  Drone  
  68  6:18  Zergling x2  
  68  6:19  Drone, Zergling x4  
  68  6:24  Zergling x2  
  70  6:33  Zergling x12  
  70  6:37  Zergling x4  
  78  6:41  Zergling x2  
  78  6:42  Zergling x2  
  78  6:43  Baneling x4  
  78  6:44  Baneling x12  
  78  6:45  Baneling x7  
  80  6:47  Drone x2  
  82  7:00  Overlord x3  
  78  7:35  Drone x5  
  78  7:36  Drone  
  78  7:37  Drone x5  
  80  7:40  Drone x2  
  86  7:46  Drone  
  87  7:54  Drone x2  
  87  7:58  Drone  
  90  8:01  Lair  
  90  8:03  Hatchery  
  90  8:04  Zergling x4  
  91  8:09  Drone x5  
  91  8:10  Hatchery, Drone  
  91  8:11  Drone  
  91  8:12  Drone  
  98  8:18  Evolution Chamber  
  97  8:20  Evolution Chamber  
  97  8:24  Drone  
  97  8:25  Drone x2  
  97  8:26  Burrow  
  99  8:30  Zergling x4  
  99  8:32  Extractor  
  99  8:33  Extractor  
  99  8:36  Zergling x4  
  99  8:39  Hatchery  
  99  8:40  Zergling x2  
  99  8:41  Zergling x2  
  102  8:42  Zergling x2  
  102  8:43  Zergling x6  
  102  8:44  Overlord  
  102  8:45  Zerg Melee Weapons Level 1  
  102  8:46  Zerg Ground Armor Level 1  
  106  9:05  Zergling x6  
  106  9:06  Zergling x4  
  111  9:10  Overlord  
  110  9:17  Infestation Pit  
  101  9:25  Zergling x8  
  101  9:26  Zergling x4  
  101  9:27  Zergling x4  
  109  9:35  Zergling x6  
  109  9:37  Hydralisk Den  
  111  9:40  Drone x2  
  111  9:43  Zergling x10  
  117  9:49  Zergling x8  
  117  9:50  Zergling x2  
  122  9:57  Zergling x4  
  124  10:12  Extractor  
  122  10:15  Extractor  
  111  10:22  Zergling x2  
  111  10:23  Zergling x6  
  115  10:32  Pathogen Glands  
  115  10:33  Grooved Spines  
  115  10:34  Overlord  
  115  10:35  Overlord  
  115  10:45  Zergling x4  
  115  10:46  Centrifical Hooks  
  115  10:47  Zerg Melee Weapons Level 2  
  115  10:48  Zerg Ground Armor Level 2  
  106  10:53  Baneling x8, Zergling x6  
  106  10:56  Infestor x3  
  106  10:57  Infestor, Zergling x8  
  119  11:14  Zergling x8  
  119  11:15  Hydralisk, Zergling x2  
  119  11:16  Hydralisk x4, Infestor, Zergling x4  
  119  11:17  Zergling x4  
  132  11:21  Baneling  
  132  11:22  Baneling x10  
  132  11:23  Baneling x3  
  130  11:30  Zergling x6  
  132  11:37  Spore Crawler, Spine Crawler  
  132  11:38  Hydralisk, Spore Crawler  
  132  11:39  Overlord, Hydralisk, Spine Crawler  
  132  11:40  Overlord x2  
  124  11:47  Zergling x2  
  124  11:48  Zergling x6  
  124  11:50  Zergling x4  
  124  11:51  Hydralisk x2  
  124  11:54  Queen  
  124  11:59  Queen  
  124  12:00  Queen x2  
  132  12:04  Neural Parasite  
  132  12:05  Hydralisk, Muscular Augments  
  132  12:06  Hydralisk x7  
  132  12:07  Hydralisk  
  150  12:14  Baneling x2  
  150  12:15  Baneling x5  
  150  12:16  Drone, Overlord  
  151  12:26  Infestor x2  
  151  12:27  Zergling x2  
  156  12:30  Overlord  
  156  12:32  Overlord x3  
  129  13:06  Extractor  
  129  13:10  Extractor  
  129  13:12  Zergling x6, Hydralisk x4  
  132  13:13  Zergling x10, Hydralisk x5  
  132  13:14  Zergling x10  
  132  13:15  Zergling x2  
  157  13:31  Spore Crawler  
  157  13:32  Hive  
  156  13:36  Hydralisk x3  
  156  13:37  Zergling x2  
  156  13:41  Drone x5  
  168  13:54  Baneling  
  168  13:55  Baneling x7  
  168  13:56  Baneling x7  
  168  14:03  Pneumatized Carapace  
  168  14:05  Drone x3, Zergling x2  
  168  14:06  Drone  
  168  14:32  Zergling x4  
  154  15:03  Spore Crawler  
  146  15:08  Hydralisk  
  146  15:09  Zergling x6, Hydralisk x6  
  146  15:10  Hydralisk x6, Zergling x12  
  146  15:11  Zergling x10  
  173  15:17  Baneling x5  
  173  15:18  Baneling x3  
  173  15:23  Hydralisk  
  173  15:24  Zergling x8, Hydralisk x2  
  174  15:50  Zergling x6, Hydralisk x4  
  174  15:51  Zergling x8, Hydralisk  
  174  15:54  Infestor x2, Hydralisk  
  170  16:04  Zergling x2, Hydralisk x3  
  170  16:05  Zergling x4  
  170  16:08  Zergling x4  
  170  16:09  Zergling x2  
  182  16:13  Drone  
  182  16:14  Drone  
  182  16:15  Drone x2  
  182  16:16  Drone  
  182  16:18  Drone  
  188  16:49  Overlord x2  
  188  16:50  Overlord x2  
  188  16:57  Adrenal Glands  
  188  16:59  Zerg Melee Weapons Level 3  
  188  17:00  Zerg Ground Armor Level 3  
  188  17:15  Hatchery, Zergling x2, Hydralisk x5  
  187  17:16  Zergling x2, Hydralisk x3  
  187  17:21  Zergling x6  
  187  17:22  Zergling x2  
  185  17:33  Hydralisk  
  185  17:34  Hydralisk x4  
  186  17:46  Hydralisk, Zergling x6  
  186  17:47  Hydralisk, Zergling x6  
  191  17:59  Hydralisk x5  
  195  18:13  Hydralisk x2  
  178  18:43  Zergling x6, Hydralisk x6  
  178  18:44  Zergling x12, Hydralisk x2  
  196  18:55  Hydralisk x2  
  194  18:56  Hydralisk, Zergling x2  
  194  18:59  Zergling x8  
  194  19:02  Zergling x2  
  194  19:07  Zergling x10  
  191  19:11  Hydralisk  
  191  19:13  Overseer x2  
  191  19:16  Hydralisk  
  185  19:17  Hydralisk  
  185  19:18  Hydralisk x3  
  195  19:31  Zergling x4  
  195  19:32  Zergling x6  
  195  19:33  Zergling x2  
  197  19:40  Zergling x6  
  197  19:56  Ultralisk Cavern  
  196  20:25  Extractor  
  195  20:40  Extractor  
Show
View Real Time Build Order
Export as new Build Order

Nagle Zerg 

Build Orders: Pool First 

Get SALT Encoding   

  12  0:01  Drone  
  13  0:18  Overlord  
  13  0:24  Drone  
  14  0:38  Drone x2  
  16  0:53  Drone x2, Spawning Pool  
  17  1:18  Drone  
  18  1:24  Hatchery  
  17  1:28  Drone x2  
  19  1:39  Extractor  
  18  1:47  Queen  
  18  1:51  Zergling x4  
  22  2:25  Overlord x3  
  22  2:37  Spine Crawler  
  21  2:49  Baneling Nest  
  20  2:55  Drone  
  20  2:56  Drone x3  
  24  2:59  Queen  
  26  3:11  Drone x3  
  26  3:12  Drone x2  
  29  3:49  Zergling x10  
  29  3:50  Zergling x4  
  36  4:07  Lair  
  36  4:08  Burrow  
  30  4:31  Zergling x2  
  30  4:32  Zergling x16  
  30  4:33  Zergling x6  
  29  5:19  Drone x4, Pneumatized Carapace  
  29  5:20  Drone x7  
  29  5:21  Drone  
  41  6:04  Zergling x14  
  44  6:05  Zergling x4  
  50  6:11  Evolution Chamber  
  50  6:15  Evolution Chamber  
  48  6:21  Extractor  
  47  6:43  Baneling  
  47  6:44  Baneling x7  
  47  6:49  Drone x2  
  47  6:50  Drone x3  
  52  7:02  Extractor  
  51  7:33  Spore Crawler, Queen  
  51  7:34  Queen  
  52  7:40  Spore Crawler  
  51  7:50  Spore Crawler  
  50  7:51  Spore Crawler  
  50  7:55  Spore Crawler  
  48  8:10  Spore Crawler  
  47  8:13  Hydralisk Den  
  44  8:30  Overlord x4  
  44  8:47  Queen  
  44  8:48  Queen  
  48  9:05  Spore Crawler  
  48  9:07  Spore Crawler  
  44  9:23  Queen x2  
  48  9:30  Drone x18  
  48  9:32  Extractor  
  47  9:59  Queen x2  
  51  10:27  Spire  
  51  10:28  Extractor  
  49  10:44  Drone x3  
  49  10:45  Drone x5  
  55  11:42  Corruptor x2  
  55  11:43  Corruptor x4  
  67  12:07  Overlord x3  
  67  12:50  Corruptor x5  
  67  12:51  Corruptor  
  77  14:21  Infestation Pit  
  77  14:22  Zerg Flyer Weapons Level 1  
  76  15:26  Drone x5  
  80  15:47  Hydralisk x2  
  80  15:48  Hydralisk x3  
  90  16:29  Overlord x2  
  90  16:30  Overlord x4  
  80  16:53  Zergling x10  
  80  16:54  Zergling x4  
  83  17:09  Hydralisk x2  
  78  17:27  Queen x2  
  78  17:28  Zergling x6  
  78  17:29  Zergling x2  
  78  17:35  Hatchery  
  68  17:41  Zergling x4  
Show
View Real Time Build Order
Export as new Build Order

bertman Terran 

Build Orders:  

Get SALT Encoding   

  12  0:02  SCV  
  13  0:13  Supply Depot  
  13  0:19  SCV  
  14  0:37  Barracks  
  14  0:47  Barracks  
  14  0:53  SCV  
  15  1:00  Refinery  
  15  1:05  SCV  
  16  1:35  Supply Depot  
  16  1:45  Marine  
  17  1:58  SCV  
  17  2:00  Supply Depot  
  18  2:06  Barracks Reactor  
  18  2:11  Orbital Command  
  18  2:41  Factory  
  18  2:48  Barracks  
  18  2:55  Engineering Bay  
  18  2:59  Marine x2  
  20  3:17  Marine x2  
  22  3:34  Marine  
  22  3:35  Command Center, Marine  
  24  3:45  Barracks Tech Lab  
  24  3:50  Refinery, Terran Infantry Armor Level 1  
  24  3:52  Marine x2  
  26  4:18  SCV  
  27  4:24  Marine  
  27  4:25  Marine  
  27  4:30  Stimpack  
  29  4:42  Marine x2  
  31  5:00  Marine x2  
  33  5:07  Starport  
  33  5:11  Barracks  
  33  5:18  Marine x2  
  35  5:36  Marine x2  
  37  5:52  Supply Depot  
  37  5:54  Marine x2  
  24  6:05  SCV  
  24  6:09  SCV  
  26  6:11  Marine  
  26  6:15  Supply Depot  
  27  6:21  SCV  
  27  6:33  SCV  
  28  6:45  SCV  
  29  6:52  Starport  
  29  6:54  Factory Tech Lab  
  29  6:57  SCV  
  29  7:00  Armory  
  30  7:04  SCV  
  31  7:09  SCV  
  31  7:13  Starport Reactor  
  32  7:16  SCV  
  32  7:21  Terran Infantry Weapons Level 1  
  33  7:26  Siege Tank  
  33  7:29  SCV  
  37  7:30  SCV  
  38  7:59  Marine x4  
  42  8:16  Marine  
  42  8:17  Marine x3  
  46  8:34  Refinery, Marine x2  
  46  8:36  Refinery  
  48  9:02  Medivac x2  
  52  9:12  Siege Tank  
  52  9:15  Marine x2  
  52  9:16  Marine x2  
  59  9:33  Marine x2  
  61  9:41  Missile Turret  
  61  9:43  Terran Infantry Armor Level 2  
  61  9:45  Siege Tank  
  64  9:47  Missile Turret  
  64  9:57  Starport Tech Lab  
  41  11:22  Marine  
  41  11:23  Marine x3  
  45  11:27  Siege Tank  
  45  11:29  Banshee  
  51  11:40  Marine x2  
  51  11:41  Marine x2  
  55  11:58  Marine  
  55  11:59  Siege Tank  
  59  12:07  Barracks  
  59  12:12  Banshee  
  62  12:19  Command Center  
  62  12:52  Marine x2  
  62  12:53  Marine  
  62  12:55  Banshee  
  68  13:03  Refinery  
  68  13:07  Refinery  
  50  13:43  Marine x4  
  48  13:51  SCV  
  49  14:00  Marine x2  
  49  14:01  Marine x2  
  53  14:03  SCV  
  54  14:15  SCV  
  55  14:18  Marine x3  
  55  14:19  Marine  
  55  14:22  Terran Vehicle And Ship Armor Level 1  
  59  14:25  Terran Infantry Weapons Level 2  
  59  14:27  SCV  
  59  14:30  Cloaking Field  
  60  14:36  Marine x4  
  64  14:39  SCV  
  64  14:42  Supply Depot  
  64  14:45  SCV  
  63  14:54  Marine x4  
  63  14:57  SCV  
  65  15:03  Medivac x3  
  66  15:09  SCV  
  66  15:12  Marine x4  
  50  15:21  SCV  
  51  15:30  Marine x2  
  51  15:33  Medivac  
  51  15:34  Siege Tank  
  58  15:51  Factory  
  58  16:06  Siege Tank  
  60  16:38  Siege Tank  
  27  17:37  Marine x2  
  27  17:38  Marine x2  
  29  17:46  Siege Tank  
  30  17:52  Medivac x2  
  30  17:55  Marine x3  
  30  17:56  Marine  
  31  18:13  Marine x3  
  31  18:18  Siege Tank  
  31  18:31  Marine  
  30  18:37  Factory Tech Lab  
  26  18:49  Marine  
  22  19:07  Supply Depot  
  2  20:00  Orbital Command  
  2  20:30  SCV  
  3  20:42  SCV  
Show
View Real Time Build Order
Export as new Build Order

BlueHawk Terran 

Build Orders: Reaper Expand, MMM Bio 

Get SALT Encoding   

  12  0:19  SCV, Supply Depot  
  13  0:23  Refinery  
  13  0:33  SCV  
  14  0:42  Barracks  
  14  0:45  SCV  
  15  1:00  SCV  
  16  1:13  SCV  
  17  1:33  Orbital Command  
  17  1:45  Barracks Reactor  
  17  1:47  Supply Depot  
  17  2:00  SCV  
  18  2:09  Command Center  
  18  2:14  SCV  
  19  2:21  Factory  
  19  2:23  Reaper  
  19  2:28  SCV  
  21  2:41  SCV, Marine  
  21  2:42  Refinery  
  23  3:06  Barracks Reactor  
  20  3:41  Cyclone  
  20  3:45  Marine x2  
  25  3:53  SCV  
  26  4:02  Marine  
  26  4:03  Marine  
  28  4:20  SCV  
  28  4:22  Marine  
  28  4:23  Marine  
  31  4:39  Barracks  
  31  4:42  Barracks  
  31  4:45  Starport  
  31  4:52  Command Center  
  31  5:05  Factory Tech Lab  
  31  5:18  SCV  
  31  5:20  Marine  
  31  5:22  Marine  
  31  5:33  Barracks Tech Lab  
  31  5:34  Barracks Tech Lab  
  31  6:02  Starport Reactor  
  31  6:04  Siege Tank, Marine x3  
  37  6:12  Supply Depot  
  37  6:13  SCV, Supply Depot  
  37  6:14  Supply Depot  
  38  6:34  SCV, Marine x3  
  42  6:46  SCV  
  43  6:51  Marine x2  
  45  6:56  Stimpack, Combat Shields  
  45  6:57  Marine  
  45  6:58  Medivac x2  
  50  7:05  SCV  
  50  7:06  Orbital Command  
  51  7:09  Marine x2  
  51  7:12  Refinery x2  
  51  7:15  Marine  
  54  7:17  SCV, Factory Tech Lab  
  55  7:27  Marine x2  
  55  7:28  Medivac  
  56  7:37  SCV  
  56  7:38  SCV  
  58  7:44  Command Center  
  58  7:47  Marine x2  
  58  7:49  SCV  
  61  7:58  Engineering Bay  
  61  8:03  SCV  
  62  8:08  Engineering Bay, Supply Depot  
  62  8:09  Supply Depot  
  62  8:13  Supply Depot  
  62  8:30  SCV x2, Medivac x2, Marine x2  
  62  8:31  Marine  
  71  8:45  SCV  
  71  8:46  SCV  
  71  8:48  Marine x3  
  76  9:03  SCV x2  
  76  9:05  Siege Tank, Marine x2  
  76  9:06  Marine  
  84  9:23  Marine x2  
  86  9:28  Marine  
  86  9:31  SCV x2  
  89  9:36  Terran Infantry Weapons Level 1, Terran Infantry Armor Level 1  
  89  9:38  Orbital Command  
  89  9:43  SCV  
  90  10:03  SCV x2  
  91  10:15  SCV  
  82  10:23  Orbital Command  
  82  10:24  Marine x3  
  82  10:25  Siege Tank  
  82  10:27  SCV  
  89  10:35  Factory  
  89  10:36  SCV, Factory  
  89  10:39  SCV  
  89  10:41  Medivac  
  89  10:42  Medivac, Marine x3  
  99  10:59  Marine  
  99  11:00  Marine  
  101  11:04  Ghost Academy  
  101  11:06  Ghost Academy, Supply Depot  
  101  11:07  Marine, Supply Depot x2  
  101  11:27  SCV x3, Marine x3  
  107  11:39  SCV  
  108  11:45  Marine x2  
  110  11:50  Command Center  
  110  11:51  SCV  
  110  11:52  SCV x2  
  113  11:57  Refinery  
  113  11:58  Refinery  
  113  12:03  SCV  
  113  12:04  SCV x2  
  116  12:09  Marine x3  
  116  12:10  Factory Tech Lab x2, Siege Tank  
  116  12:12  Medivac  
  124  12:22  Supply Depot x2  
  124  12:23  SCV, Supply Depot  
  124  12:29  Personal Cloaking  
  125  12:30  Nuke  
  125  12:33  Ghost Academy  
  125  12:43  Marine x3  
  125  12:44  SCV x3, Medivac  
  133  12:45  Siege Tank x3  
  142  12:56  SCV  
  121  13:01  Marine x3  
  121  13:03  Ghost Academy  
  104  13:14  SCV x3  
  104  13:17  Siege Tank  
  104  13:18  Orbital Command  
  104  13:19  Marine x3  
  113  13:25  Refinery  
  113  13:26  SCV x3, Refinery  
  116  13:27  Siege Tank  
  116  13:28  Siege Tank  
  122  13:37  Marine x3  
  122  13:38  SCV x2  
  122  13:40  Armory  
  127  13:41  Missile Turret  
  127  13:44  Missile Turret  
  127  13:45  Missile Turret  
  127  13:48  Barracks  
  127  13:49  Barracks, Siege Tank  
  127  13:51  SCV x4  
  127  13:55  Nuke, Marine x3  
  137  14:00  Siege Tank, Widow Mine  
  137  14:01  Medivac x2  
  146  14:03  SCV x2  
  148  14:12  Marine x3  
  151  14:20  SCV x4  
  151  14:21  Widow Mine  
  157  14:30  Marine x3  
  160  14:32  SCV  
  160  14:33  SCV x3  
  164  14:42  Supply Depot  
  164  14:44  Supply Depot x2  
  164  14:48  Supply Depot  
  164  14:49  Supply Depot  
  164  14:50  Nuke x2  
  164  14:52  Barracks Tech Lab, Supply Depot  
  164  14:53  Barracks Tech Lab  
  164  14:59  Barracks Reactor  
  164  15:04  Viking x2, Siege Tank, Marine  
  164  15:05  SCV, Siege Tank x2, Marine  
  180  15:22  Marine  
  180  15:23  Marine  
  171  15:39  Marine  
  171  15:41  Marine  
  167  15:47  Marine x3  
  167  15:49  SCV x4  
  174  15:54  Marine  
  172  15:57  Marine  
  172  15:59  Marine  
  125  16:05  Marine  
  98  16:18  Marine x4  
  97  16:19  Marine  
  97  16:20  Siege Tank x3  
  97  16:21  Medivac x2  
  115  16:36  Marine x2  
  103  16:47  Marine  
  106  16:55  Ghost  
  43  17:58  SCV x2  
  45  18:11  SCV  
  46  18:21  SCV  
  46  18:24  Marine  
  46  18:26  Factory Tech Lab  
  48  18:27  Starport Reactor  
  48  18:35  SCV, Barracks  
  48  18:36  SCV  
  48  18:37  Barracks  
  48  18:38  Barracks  
  50  18:42  Marine  
  50  18:54  Siege Tank  
  53  19:00  Marine  
  42  19:18  Marine  
  34  19:26  Marine x3  
  34  19:30  Siege Tank  
  38  19:46  Supply Depot x2  
  38  19:48  Supply Depot x2  
  38  20:01  Factory x2  
  38  20:04  Factory  
  38  20:08  Marine x4  
  38  20:09  Supply Depot  
  38  20:10  Supply Depot  
  42  20:20  Supply Depot  
  42  20:25  Marine x2  
  44  20:33  Barracks  
  44  20:34  Engineering Bay  
  44  20:35  SCV, Engineering Bay  
Show
View Real Time Build Order
Export as new Build Order

fortes Zerg 

Build Orders: 3 Hatch before Pool 

Get SALT Encoding   

  12  0:03  Drone  
  13  0:12  Overlord  
  13  0:17  Drone  
  14  0:33  Drone  
  14  0:34  Drone  
  16  0:38  Drone  
  17  0:48  Drone  
  18  1:00  Drone, Hatchery  
  18  1:16  Drone  
  19  1:31  Drone  
  19  1:32  Drone  
  21  1:37  Hatchery  
  20  1:41  Drone  
  21  1:48  Extractor  
  21  1:53  Drone  
  21  1:54  Spawning Pool  
  20  2:09  Drone  
  20  2:13  Drone x2  
  23  2:23  Drone  
  23  2:24  Drone  
  25  2:37  Drone x2  
  27  2:43  Queen  
  27  2:44  Extractor  
  28  2:48  Overlord  
  28  2:59  Zergling x4  
  28  3:00  Zergling x4  
  28  3:05  Drone  
  33  3:16  Drone x2  
  33  3:17  Drone  
  36  3:37  Hatchery  
  36  3:41  Hatchery, Spine Crawler  
  34  3:44  Drone  
  34  3:45  Drone x8  
  42  3:53  Extractor  
  41  3:58  Drone  
  42  4:11  Hatchery, Drone  
  42  4:12  Overlord x3  
  42  4:23  Queen  
  42  4:33  Drone  
  42  4:34  Drone  
  42  4:35  Drone x6  
  50  4:41  Lair  
  50  4:51  Zergling x2  
  50  4:52  Zergling x14  
  58  4:53  Zergling x2  
  59  5:05  Zergling x2  
  59  5:06  Zergling x8  
  64  5:09  Queen  
  66  5:23  Queen  
  66  5:27  Drone  
  69  5:43  Zergling x4  
  69  5:44  Zergling x26  
  69  5:45  Overlord x3  
  69  5:46  Overlord  
  83  5:50  Queen  
  72  6:04  Metabolic Boost  
  72  6:12  Zergling x6  
  75  6:22  Hydralisk Den  
  74  6:26  Drone x6  
  74  6:27  Drone x3  
  74  6:28  Drone x7, Spire  
  87  6:41  Spine Crawler  
  87  6:42  Spine Crawler  
  87  6:44  Spine Crawler  
  84  6:47  Spine Crawler  
  84  6:51  Spine Crawler x2  
  84  6:52  Extractor  
  80  6:54  Extractor  
  80  6:55  Drone x15  
  80  6:56  Drone x4  
  98  7:01  Drone x2  
  98  7:05  Drone  
  101  7:33  Hydralisk x4  
  109  7:46  Hatchery  
  108  7:51  Mutalisk  
  110  8:10  Hydralisk x2  
  114  8:14  Drone x2  
  116  8:47  Spore Crawler  
  115  8:49  Spore Crawler, Mutalisk  
  115  8:53  Overlord x3  
  116  9:12  Hatchery  
  85  9:49  Hydralisk x11  
  85  9:50  Hydralisk  
  85  9:52  Zergling x2  
  110  9:53  Zergling x10  
  113  10:09  Hydralisk x3  
  119  10:39  Extractor  
  118  10:45  Extractor  
  116  10:55  Spore Crawler  
  116  10:56  Zergling x2  
  115  10:57  Zergling x32  
  115  10:58  Zergling x8  
  104  11:49  Zergling x2  
  104  11:50  Zergling x38  
  104  11:51  Zergling x2  
  99  12:01  Zergling x2  
  99  12:02  Zergling x8, Spore Crawler  
  99  12:08  Lair  
  103  12:17  Mutalisk x2  
  103  12:18  Mutalisk x7  
  121  12:40  Extractor  
  121  12:41  Hatchery  
  119  13:00  Hydralisk  
  119  13:01  Hydralisk x5  
  119  13:02  Hydralisk x7  
  119  13:04  Overlord x2  
  119  13:05  Overlord  
  124  13:21  Zergling x20  
  124  13:22  Zergling x10  
  120  13:32  Spore Crawler  
  113  13:36  Spine Crawler  
  113  13:37  Zergling x2  
  113  13:38  Zergling x24  
  106  14:02  Mutalisk x5  
  104  14:03  Mutalisk x2  
  97  14:22  Hydralisk x8  
  97  14:23  Hydralisk x3  
  91  14:54  Zergling x24  
  91  14:55  Zergling x12  
  96  15:10  Zergling x10  
  87  15:20  Spine Crawler  
  85  15:23  Spine Crawler  
  85  15:26  Spine Crawler  
  66  15:46  Zergling x22  
  66  15:47  Zergling x8  
  77  15:58  Hydralisk  
  77  16:02  Zergling x2  
  77  16:03  Hydralisk x3  
  86  16:14  Hydralisk x7  
  86  16:15  Hydralisk  
  102  16:30  Spine Crawler  
  101  16:33  Spore Crawler  
  101  16:34  Spine Crawler  
  101  16:37  Grooved Spines  
  82  17:29  Zergling x2  
  63  17:30  Zergling x40  
  79  17:46  Zergling x14  
  79  17:48  Muscular Augments  
  75  18:04  Zergling x22  
  76  18:18  Spine Crawler  
  76  18:19  Spine Crawler  
  67  18:30  Zergling x4  
  67  18:31  Zergling x30  
  84  18:39  Zergling x12  
  84  18:45  Zergling x2  
  84  18:47  Zergling x6  
  81  19:01  Zergling x2  
  81  19:02  Zergling x14  
  73  19:13  Zergling x12  
  70  19:20  Zergling x10  
  70  19:21  Spine Crawler  
  62  19:45  Zergling x2  
  53  19:46  Zergling x24  
Show
View Real Time Build Order
Export as new Build Order

DarkTemplar Protoss - Winner!

Build Orders:  

Get SALT Encoding   

  12  0:04  Probe  
  13  0:16  Probe  
  13  0:20  Pylon  
  14  0:28  Probe  
  15  0:40  Probe  
  15  0:41  Gateway  
  16  0:47  Assimilator  
  16  0:52  Probe  
  17  1:02  Probe  
  17  1:10  Probe  
  19  1:23  Probe, Pylon  
  20  1:30  Cybernetics Core  
  20  1:35  Assimilator, Probe  
  20  1:36  Zealot  
  23  1:44  Pylon, Warp Gate  
  24  1:47  Probe  
  24  1:59  Probe  
  25  2:03  Forge  
  25  2:11  Probe  
  26  2:23  Probe  
  27  2:32  Gateway  
  27  2:45  Photon Cannon  
  27  2:51  Gateway  
  27  2:59  Photon Cannon  
  27  3:01  Probe  
  28  3:24  Protoss Ground Weapons Level 1  
  28  3:59  Nexus  
  28  4:00  Pylon  
  27  4:03  Assimilator  
  27  4:05  Twilight Council  
  27  4:07  Assimilator  
  27  4:18  Pylon  
  27  4:21  Probe  
  28  4:30  Zealot  
  28  4:31  Zealot, Stargate  
  32  4:33  Probe  
  33  4:43  Charge  
  33  4:45  Probe  
  34  4:57  Probe  
  35  5:01  Protoss Ground Weapons Level 2  
  33  5:08  Zealot  
  33  5:09  Zealot  
  33  5:11  Probe x2  
  37  5:23  Probe x2  
  35  5:31  Probe  
  35  5:35  Probe  
  37  5:38  Stargate  
  37  5:40  Probe  
  37  5:47  Probe  
  39  5:51  Probe  
  39  5:56  Void Ray  
  44  6:00  Probe  
  44  6:03  Probe  
  46  6:13  Probe  
  46  6:15  Robotics Facility, Probe  
  48  6:26  Void Ray  
  48  6:38  Phoenix  
  54  6:40  Stalker x2  
  58  7:03  Phoenix  
  58  7:05  Nexus  
  58  7:07  Probe x2, Pylon  
  62  7:11  Protoss Ground Armor Level 1  
  62  7:25  Probe x2  
  64  7:46  Void Ray  
  68  8:10  Probe x2  
  70  8:16  Void Ray  
  74  8:22  Probe x2  
  74  8:25  Immortal  
  76  8:29  Phoenix  
  82  8:46  Gateway  
  82  8:49  Gateway  
  82  8:59  Phoenix  
  82  9:00  Gateway  
  84  9:03  Gateway  
  84  9:06  Gateway  
  80  9:16  Pylon  
  76  9:18  Pylon  
  76  9:19  Pylon  
  76  9:21  Pylon  
  76  9:22  Pylon  
  68  9:49  Probe x2  
  68  9:50  Probe  
  67  9:58  Immortal  
  71  10:01  Probe  
  72  10:08  Probe x2, Void Ray  
  72  10:11  Assimilator, Robotics Bay  
  72  10:13  Probe  
  75  10:14  Pylon  
  75  10:15  Protoss Ground Armor Level 2  
  75  10:16  Pylon  
  75  10:17  Pylon, Void Ray  
  75  10:19  Gateway  
  75  10:20  Pylon  
  83  10:21  Gateway  
  83  10:23  Gateway, Stalker x2, Pylon  
  87  10:33  Warp Prism  
  89  10:50  Void Ray  
  89  10:52  Colossus  
  93  11:00  Void Ray  
  95  11:08  Stalker  
  95  11:09  Stalker x2  
  95  11:10  Stalker x2  
  95  11:11  Stalker x2  
  97  11:29  Extended Thermal Lance  
  97  11:33  Void Ray  
  97  11:35  Stalker  
  97  11:36  Stalker x2  
  97  11:37  Stalker x2  
  97  11:38  Stalker x2  
  113  11:57  Void Ray  
  117  12:07  Colossus  
  117  12:16  Void Ray  
  121  12:27  Protoss Ground Weapons Level 3  
  125  12:40  Phoenix  
  125  12:59  Phoenix  
  127  13:06  Pylon  
  127  13:10  Pylon  
  123  13:12  Pylon  
  123  13:16  Photon Cannon  
  123  13:20  Photon Cannon  
  123  13:23  Robotics Facility  
  101  13:41  Pylon  
  101  13:44  Pylon  
  73  14:06  Gateway  
  73  14:09  Colossus  
  73  14:15  Zealot  
  73  14:16  Zealot x2  
  73  14:17  Zealot x3, Colossus  
  76  14:18  Zealot  
  88  14:31  Observer Gravitic Boosters  
  94  14:33  Blink  
  94  14:53  Zealot  
  94  14:54  Zealot x2  
  94  14:55  Zealot x3  
  94  14:56  Stalker  
  94  14:57  Stalker  
  94  14:58  Stalker  
  94  14:59  Stalker  
  114  15:03  Colossus  
  120  15:09  Nexus  
  120  15:11  Colossus  
  120  15:13  Pylon  
  126  15:28  Gravitic Drive  
  118  16:12  Stalker x3  
  118  16:13  Stalker x2  
  118  16:14  Zealot x2  
  118  16:15  Zealot x2  
  118  16:16  Zealot  
  118  16:17  Colossus x2  
  132  16:56  Stalker  
  132  16:57  Stalker x2  
  132  16:59  Stalker  
  132  17:00  Stalker  
  132  17:01  Stalker  
  132  17:02  Stalker  
  132  17:04  Zealot  
  132  17:05  Zealot x2  
  138  17:11  Colossus x2  
  148  18:04  Warp Prism  
  144  18:07  Zealot  
  144  18:08  Zealot x2  
  144  18:09  Zealot  
  144  18:10  Zealot x2  
  144  18:11  Zealot x3  
  144  18:12  Zealot  
  164  18:26  Colossus  
  170  18:40  Colossus  
  176  19:04  Zealot x2  
  176  19:05  Zealot x3  
  176  19:06  Zealot x2  
  176  19:07  Zealot x2  
  176  19:08  Zealot  
  196  19:49  Nexus  
  196  20:29  Pylon  
  196  20:31  Pylon  
  196  20:32  Pylon  
  196  20:34  Pylon  
  196  20:36  Pylon  
Tags
 
Add a new tag
Caveats
  • Supply blocks, unpowered buildings, or Contaminate may cause inaccurate times.
  • Supply counts are checked every 10 seconds.